 Dungeon Crawl Stone Soup version 0.31-a0-496-g6f97920a28 (webtiles) character file.

Game seed: 6499726419812513896

191 ytrimaz the Ruffian (level 5, -1/37 HPs)
             Began as a Demonspawn Shapeshifter on Aug 8, 2023.
             Slain by a gnoll
             ... wielding a +0 spear
              (2 damage)
             ... on level 3 of the Dungeon.
             The game lasted 00:03:37 (2133 turns).

ytrimaz the Ruffian (Demonspawn Shapeshifter)       Turns: 2133, Time: 00:03:37

Health: -1/37      AC:  2    Str: 17    XL:     5   Next: 42%
Magic:  5/5        EV: 12    Int: 10    God:
Gold:   86         SH:  4    Dex: 13    Spells: 4/4 levels left

rFire   . .          .
                       - Unarmed
rCold   . . .        (no shield)
rNeg    . . .        a - +0 animal skin
rPois   .            (helmet currently unavailable)
rElec   .            (cloak currently unavailable)
rCorr   .            (gloves currently unavailable)
SInv    .            (boots currently unavailable)
Will    .....        m - amulet of the acrobat
Stlth   +            (no ring)
HPRegen 0.26/turn    (no ring)
MPRegen 0.09/turn

%: acrobat
@: beast-form
A: beast (slay +2), claws 1, condensation shield
a: Begin Untransformation


You were on level 3 of the Dungeon.
You were a hulking beast.
You visited 1 branch of the dungeon, and saw 3 of its levels.

You collected 86 gold pieces.


Innate Abilities, Weirdness & Mutations

You are a hulking beast.
Your limbs bulge with bestial killing power. (Slay +2)
You have sharp fingernails.
A meltable shield of frost defends you. (SH +4)


   Skills:
 - Level 1.0 Fighting
 - Level 1.7 Dodging
 + Level 4.3 Unarmed Combat
 * Level 4.0 Shapeshifting


You had 4 spell levels left.
You didn't know any spells.
Your spell library contained the following spells:

 Spells                   Type           Power      Damage    Failure   Level
 Shock                    Conj/Air       0%         1d3       36%         1
 Blink                    Tloc           0%         N/A       50%         2
 Ozocubu's Armour         Ice            0%         N/A       75%         3
 Swiftness                Air            0%         N/A       75%         3
 Airstrike                Air            0%         2d(0-16)  98%         4
 Manifold Assault         Tloc           0%         N/A       98%         4
 Metabolic Englaciation   Hex/Ice        0%         N/A       100%        5
 Simulacrum               Ice/Necr       0%         N/A       100%        6

Inventory:

Armour
 a - a +0 animal skin (worn)
Jewellery
 m - an amulet of the acrobat (around neck)
   (You found it on level 3 of the Dungeon)
Talismans
 c - a beast talisman (active)
 d - a flux talisman
Wands
 j - a wand of flame (9)
   (You took it off Natasha on level 3 of the Dungeon)
Scrolls
 h - a scroll of enchant armour
 i - 2 scrolls of enchant weapon
 l - 2 scrolls of fog
Potions
 b - 2 potions of lignification
 e - 2 potions of heal wounds {unknown}
 f - a potion of cancellation {unknown}
 g - a potion of might {unknown}
 k - 2 potions of curing {unknown}
 n - a potion of haste {unknown}

Dungeon Overview and Level Annotations

Branches:
Dungeon (3/15) Zot: 15865

Altars:
Vehumet
Xom

#####'###.....###
#......#####..######### #>.....#
#..........#
#......########..####'########
#..........# ##.............#
####..........# ##...†........#
.......)......# #............#
..............######............#
.......).......gh...............#
.....................#####.......
.........#####.......# ##....##
######...............# ####...
#†.....)........# ...
######........########
....†.........#
....##........#####
....##............#


You could see a gnoll.


Message History

You are too injured to fight recklessly!
You barely miss Robin.
Robin hits you with a +4 short sword of venom. 😮 HP[-3]
You take 3 damage, and now have 24/37 hp.
Unknown command.
You scratch Robin but do no damage. 😮 HP[+1]
You are too injured to fight recklessly!
You claw Robin!
You kill Robin!
Unknown command.
You claw the hobgoblin!
You kill the hobgoblin!
You claw the goblin!
You kill the goblin!
You are too injured to fight recklessly!
Items here: ))) [[ ††††. 😮 HP[+1] Unknown command.
You see here a worm corpse.
As you read the scroll of identify, it crumbles to dust.
h - a scroll of enchant armour 😮 HP[+1] Natasha, Servant of Life and Death comes into view.
She is carrying a wand of flame. 😕 HP[+5]
You regained 5 hp, and now have 32/37 hp.
Natasha hisses angrily.
Natasha zaps a wand.
The puff of flame misses you. 😕 HP[+1] Natasha zaps a wand.
The puff of flame hits you!
Your condensation shield dissipates! 😮 HP[-9]
You take 9 damage, and now have 24/37 hp.
MASSIVE DAMAGE!! (PAUSE) Natasha casts a spell at you.
You feel yourself slow down.
Unknown command.
Natasha closely misses you. 😮 HP[+1] Unknown command.
You claw Natasha!
Natasha zaps a wand.
The puff of flame hits you!
* * * LOW HITPOINT WARNING * * *
Natasha claws you!
* * * LOW HITPOINT WARNING * * *
😱 HP[-16]
You take 16 damage, and now have 9/37 hp.
MASSIVE DAMAGE!! (PAUSE)
You scratch Natasha but do no damage. You claw Natasha.
You kill Natasha!
You feel Natasha's spirit has finally been put to rest.
Your Shapeshifting skill increases to level 4!
Unknown command.
j - a wand of flame (9)
You see here the felid corpse of Natasha. 😨 HP[+1]
A gnoll is nearby! 😨 HP[+2]
You regained 2 hp, and now have 12/37 hp.
Unknown command.
A gnoll is nearby!
A gnoll is nearby! 😨 HP[+1] 😨 HP[+1] 😨 HP[+1]
You start resting.
You feel yourself speed up. 😨 HP[+1] 😨 HP[+1] Unknown command.
Your icy envelope is restored.
A gnoll is nearby! 😨 HP[+1]
A gnoll is nearby!
Unknown command.
You block the gnoll's attack.
Unknown command.
You scratch the gnoll. The gnoll hits you with a +0 spear.
* * * LOW HITPOINT WARNING * * *
😨 HP[-4]
You take 4 damage, and now have 14/37 hp.
You barely miss the gnoll. The gnoll hits you with a +0 spear.
* * * LOW HITPOINT WARNING * * *
😨 HP[-1]
You take 1 damage, and now have 13/37 hp.
You completely miss the gnoll. The gnoll hits you with a +0 spear.
* * * LOW HITPOINT WARNING * * *
😱 HP[-5]
You take 5 damage, and now have 8/37 hp.
Unknown command.
You barely miss the gnoll. The gnoll hits you with a +0 spear!
* * * LOW HITPOINT WARNING * * *
😱 HP[-7]
You take 7 damage, and now have 1/37 hp.
You scratch the gnoll. The gnoll hits you with a +0 spear.
You die...

Skill      XL: |  1  2  3  4  5 |
---------------+----------------+-----
Unarmed Combat | 3 4 |  4.3
Shapeshifting  | 3 4 |  4.0
Fighting       | |  1.0
Dodging        | |  1.7

Action                     |  1- 3 |  4- 6 || total
---------------------------+-------+-------++-------
  Melee: Unarmed           |    95 |    49 ||   144
         Punch             |       |     1 ||     1
    Use: Scroll            |     4 |     1 ||     5
   Stab: Sleeping          |     1 |       ||     1
 Armour: Animal skin       |    12 |     1 ||    13
  Dodge: Dodged            |    57 |    14 ||    71
  Block: Other             |     9 |     6 ||    15

Levels and vault maps discovered:
D:1:      lordsloth_arrival_two_stooges, layout_basic
D:2:      layout_basic
D:3:      layout_basic, mainiacjoe_overflow_alcove_2, old_standard_altar,
          uniq_natasha, uniq_robin

Notes
Turn   | Place    | Note
-------+----------+-------------------------------------------
     0 | D:1      | ytrimaz the Demonspawn Shapeshifter began the quest for the
                  | Orb.
     0 | D:1      | Reached XP level 1. HP: 15/15 MP: 1/1
     0 | D:1      | magus.rc [v1.9.6]
   173 | D:1      | Reached skill level 3 in Unarmed Combat
   210 | D:1      | Gained mutation: You have sharp fingernails. [demonic
                  | ancestry]
   210 | D:1      | Reached XP level 2. HP: 21/21 MP: 2/2
   216 | D:1      | You add the spells Blink and Manifold Assault to your
                  | library.
   465 | D:1      | Reached skill level 3 in Shapeshifting
   801 | D:2      | HP: 5/21 [poisoned by an adder]
   912 | D:2      | You pick up a book of Winter and begin reading...
   912 | D:2      | You add the spells Ozocubu's Armour, Metabolic Englaciation
                  | and Simulacrum to your library.
   927 | D:2      | Gained mutation: A meltable shield of frost defends you.
                  | (SH +4) [demonic ancestry]
   927 | D:2      | Reached XP level 3. HP: 21/26 MP: 3/3
  1237 | D:2      | You pick up a book of Air and begin reading...
  1237 | D:2      | You add the spells Shock, Swiftness and Airstrike to your
                  | library.
  1535 | D:2      | HP: 6/26 [gnoll/+0 whip (5)]
  1538 | D:2      | Reached XP level 4. HP: 8/32 MP: 4/4
  1778 | D:3      | Noticed Natasha
  1789 | D:3      | Killed Natasha
  1821 | D:3      | Found a shimmering altar of Xom.
  1866 | D:3      | Noticed Natasha
  1873 | D:3      | Killed Natasha
  1874 | D:3      | Reached skill level 4 in Unarmed Combat
  1967 | D:3      | Found a radiant altar of Vehumet.
  2008 | D:3      | Reached XP level 5. HP: 37/37 MP: 5/5
  2037 | D:3      | Noticed Robin
  2067 | D:3      | Killed Robin
  2096 | D:3      | Noticed Natasha
  2102 | D:3      | HP: 9/37 [Natasha (8)]
  2103 | D:3      | Killed Natasha
  2104 | D:3      | Reached skill level 4 in Shapeshifting
  2131 | D:3      | HP: 8/37 [gnoll/+0 spear (5)]
  2132 | D:3      | HP: 1/37 [gnoll/+0 spear (7)]
  2133 | D:3      | Slain by a gnoll

Vanquished Creatures
  Natasha (thrice) (D:3)
  Robin (D:3)
  2 gnolls
  3 adders (D:2)
  A worm (D:3)
  4 bats
  7 endoplasms
  A giant cockroach (D:1)
  11 goblins
  8 hobgoblins
  2 ball pythons
  6 frilled lizards
  4 kobolds (D:2)
  3 rats
56 creatures vanquished.

Table legend:
 A = Non-vault XP
 B = Vault XP
 C = Vault XP percentage of total XP
 D = Non-vault monster count
 E = Vault monster count
 F = Vault count percentage of total count
                 A         B        C        D         E       F
            +---------+---------+-------+---------+---------+-------
      Total |     202 |      72 |  26.3 |      44 |      12 |  21.4
            +---------+---------+-------+---------+---------+-------
        D:1 |      23 |       0 |   0.0 |      13 |       0 |   0.0
        D:2 |      74 |       0 |   0.0 |      19 |       0 |   0.0
        D:3 |     105 |      72 |  40.7 |      12 |      12 |  50.0
            +---------+---------+-------+---------+---------+-------

Skill      XL: |  1  2  3  4  5 |
---------------+----------------+-----
Unarmed Combat | 3 4 |  4.3
Shapeshifting  | 3 4 |  4.0
Fighting       | |  1.0
Dodging        | |  1.7

Action                     |  1- 3 |  4- 6 || total
---------------------------+-------+-------++-------
  Melee: Unarmed           |    95 |    49 ||   144
         Punch             |       |     1 ||     1
    Use: Scroll            |     4 |     1 ||     5
   Stab: Sleeping          |     1 |       ||     1
 Armour: Animal skin       |    12 |     1 ||    13
  Dodge: Dodged            |    57 |    14 ||    71
  Block: Other             |     9 |     6 ||    15

Illustrated notes

Table legend:
 A = Kills in this place as a percentage of kills in the entire game.
 B = Kills by you in this place as a percentage of kills by you in the entire game.
 C = Kills by friends in this place as a percentage of kills by friends in the entire game.
 D = Other kills in this place as a percentage of other kills in the entire game.
 E = Experience gained in this place as a percentage of experience gained in the entire game.
 F = Experience gained in this place divided by the number of levels of this place that you have seen.
                   A       B       C       D       E      F
               +-------+-------+-------+-------+-------+----------------------
         Total | 100.0 | 100.0 |   N/A |   N/A | 100.0 |  91.3
       Dungeon | 100.0 | 100.0 |   N/A |   N/A | 100.0 |  91.3
               +-------+-------+-------+-------+-------+----------------------

Table legend: (Time is in decaauts)
 A = Elapsed time spent in this place.
 B = Non-inter-level travel time spent in this place.
 C = Inter-level travel time spent in this place.
 D = Time resting spent in this place.
 E = Time spent auto-exploring this place.
 F = Levels seen in this place.
 G = Mean time per level.
                   A        B        C        D        E       F      G
               +--------+--------+--------+--------+--------+-----+--------+
         Total |   2133 |   2049 |     84 |    205 |   1394 |   3 |  711.0 |
       Dungeon |   2133 |   2049 |     84 |    205 |   1394 |   3 |  711.0 |
               +--------+--------+--------+--------+--------+-----+--------+

Top non-repeatable levels by time:
     D:2: 961 daAuts
     D:1: 785 daAuts
     D:3: 386 daAuts
